 Dungeon Crawl Stone Soup version 0.27.1-35-g4d5d836560 (webtiles) character file.

Game seed: 10407748825336897460

3832 Delamore the Slicer (level 10, -2/71 HPs)
             Began as an Octopode Brigand on Apr 12, 2022.
             Was an Initiate of Gozag.
             Slain by an orc warrior (17 damage)
             ... on level 6 of the Dungeon.
             The game lasted 00:09:59 (8063 turns).

Delamore the Slicer (Octopode Brigand)              Turns: 8063, Time: 00:10:00

Health: -2/71      AC:  8    Str: 11    XL:     10   Next: 18%
Magic:  10/10      EV: 11    Int: 15    God:    Gozag
Gold:   442        SH: 10    Dex: 17    Spells: 9/9 levels left

rFire    + . .     SeeInvis +   e - +1 short sword (protect)
rCold    . . .     Faith    .   l - +0 kite shield
rNeg     . . .     Spirit   .   (helmet restricted)
rPois    .         Reflect  .   (no amulet)
rElec    .         Harm     .   y - ring of see invisible
rCorr    .         Rampage  .   A - ring of protection from fire
Will     .....                  (no ring)
Stlth    ++++++....             (no ring)
HPRegen  0.21/turn              (no ring)
MPRegen  0.12/turn              (no ring)
                                (no ring)
                                (no ring)

@: gold aura, under a protective aura
A: almost no armour, amphibious, 8 rings, camouflage 1, gelatinous body 1,
(nimble swimmer 1), tentacles, antennae 1, clever 1, no potion heal 1
a: Renounce Religion, Potion Petition, Call Merchant, Bribe Branch


You were on level 6 of the Dungeon.
You worshipped Gozag.
Gozag was aware of your devotion.
You visited 1 branch of the dungeon, and saw 6 of its levels.
You also visited: Sewer.

You collected 1918 gold pieces.
You spent 142 gold pieces at shops.
You paid 1334 gold pieces to Gozag.

Inventory:

Hand Weapons
 a - a +2 dagger
 e - a +1 short sword of protection (weapon)
 h - a +3 short sword
 m - a +0 whip of venom
 s - a +0 dagger of speed
 u - a +2 whip of electrocution
Missiles
 b - 22 poisoned darts (quivered)
 c - 2 curare-tipped darts
 z - 2 boomerangs
Armour
 l - a +0 kite shield (worn)
Jewellery
 y - a ring of see invisible (left tentacle)
 A - a ring of protection from fire (right tentacle)
Wands
 w - a wand of mindburst (15)
Scrolls
 f - 2 scrolls of enchant weapon
 j - 5 scrolls of teleportation
 p - a scroll of noise
 q - a scroll of amnesia
 x - 2 scrolls of identify
Potions
 i - a potion of brilliance
 k - a potion of flight {unknown}
 n - a potion of degeneration {unknown}
 o - a potion of ambrosia {unknown}
 r - 2 potions of might {unknown}
 t - 2 potions of cancellation
 v - 3 potions of magic {unknown}
 B - 2 potions of curing


   Skills:
 - Level 7.2 Fighting
 + Level 11.8 Short Blades
 - Level 2.0 Throwing
 + Level 1.6 Dodging
 - Level 10.0 Stealth
 + Level 6.8 Shields
 + Level 1.2 Evocations


You had 9 spell levels left.
You didn't know any spells.
Your spell library contained the following spells:

 Spells                   Type           Power      Damage    Failure   Level
 Freeze                   Ice            0%         1d3       58%         1
 Passwall                 Tmut/Erth      0%         N/A       75%         2
 Frozen Ramparts          Ice            0%         1d2       92%         3
 Swiftness                Air            0%         N/A       92%         3
 Hailstorm                Conj/Ice       0%         3d3       100%        4
 Ice Form                 Ice/Tmut       0%         N/A       100%        4
 Summon Ice Beast         Ice/Summ       0%         N/A       100%        4
 Invisibility             Hex            0%         N/A       100%        6


Dungeon Overview and Level Annotations

Branches:
Dungeon (6/15)             Temple (0/1) D:6           Sewer (visited)

Altars:
Gozag
Nemelex Xobeh
Qazlal
Uskayaw

Shops:
D:5 **


Innate Abilities, Weirdness & Mutations

You cannot wear most types of armour.
You are amphibious.
You can wear up to eight rings at the same time.
Your skin changes colour to match your surroundings (Stealth+).
Your rubbery body absorbs attacks. (AC +1, EV +1)
((You are camouflaged near water. (Stealth+)))
You have tentacles for arms and can constrict up to eight enemies at once.
You have a pair of small antennae on your head.
Your mind is acute. (Int +2)
Potions are less effective at restoring your health.


Message History

The orc wizard is moderately wounded.
The orc is no longer distracted by gold.
The orc throws a boomerang.
The boomerang misses the orc wizard.
The boomerang closely misses you.
Throw: 23 darts (poison)
Press: ? - help, Q - select action, (/) - cycle Shift-Dir - straight line, f/p - orc
Aim: an orc, wielding a +0 whip and quivering boomerangs (heavily wounded, poisoned, 64% to hit)
You throw a poisoned dart.
The poisoned dart barely misses the orc wizard.
The poisoned dart hits the orc.
The orc looks even sicker.
The orc is heavily wounded.
The orc wizard is no longer distracted by gold.
The orc is distracted by your dazzling golden aura.
The orc wizard is distracted by your dazzling golden aura.
The orc wizard gestures at you while chanting.
The magic dart hits you!
* * * LOW HITPOINT WARNING * * *
The orc warrior shouts!
The orc shouts!
The orc is no longer distracted by gold.
You block the orc wizard's attack.
The orc priest calls upon Beogh to heal the orc.
The orc's wounds heal themselves!
You hear an angry growl.
You hit the orc wizard.
Your weapon exudes an aura of protection.
Your grab misses the orc wizard.
The orc wizard is severely wounded.
You kill the orc!
The orc wizard looks more healthy.
The orc is distracted by your dazzling golden aura.
The orc wizard hits you with a +4 dagger of venom.
* * * LOW HITPOINT WARNING * * *
You are poisoned.
You block the orc warrior's attack.
You feel very sick.
Your system partially rejects the healing.
You feel better.
The orc warrior hits you with a +0 mace!
You die...
Your body crumbles into a pile of gold.

##.........##..######...#.
##...#......#..#####.#.###
#....#..........#....#...#
#........#...........#.#..
#........#.###.........#.#
#........#...#.......#...#
#......#.............#...#
#.....#oo.............##..
#.....#$#@................
##.####o####............##
#####$o{###..##.......###
#8ooo8##..###......###
##.oo..##.##$....##..)#
#..oo...#.#.......##...
#(8...8.#.#.......##...
#.......#.#.......#....
#.......#####..........


You could see an orc warrior and an orc wizard (invisible).

Vanquished Creatures
  Pikel (D:3)
  Edmund (D:4)
  An ice beast (D:5)
  2 ogres
  A lemure (D:3)
  A phantom (D:5)
  2 kobold brigands (Sewer)
  A bullfrog (D:5)
  A water moccasin zombie (D:5)
  3 scorpions
  A wyvern zombie (D:3)
  2 water moccasin skeletons
  A bullfrog zombie (D:6)
  An orc priest (D:6)
  4 hounds
  Ijyb (D:5)
  5 iguanas
  An orc wizard (D:4)
  A hound skeleton (D:5)
  9 adders
  2 river rats (Sewer)
  A white imp (D:5)
  An adder skeleton (D:4)
  4 worms
  4 dart slugs
  16 orcs
  6 endoplasms
  5 giant cockroaches
  11 goblins
  6 hobgoblins
  7 jackals
  3 quokkas
  6 ball pythons
  4 bats
  A frilled lizard (D:2)
  11 kobolds
  15 rats
143 creatures vanquished.

Notes
Turn   | Place    | Note
-------+----------+-------------------------------------------
     0 | D:1      | Delamore the Octopode Brigand began the quest for the Orb.
     0 | D:1      | Reached XP level 1. HP: 14/14 MP: 1/1
   131 | D:1      | Found a faded altar of an unknown god.
   420 | D:1      | Reached XP level 2. HP: 17/19 MP: 2/2
   966 | D:2      | Reached XP level 3. HP: 24/24 MP: 3/3
  1259 | D:2      | Reached skill level 3 in Short Blades
  1550 | D:2      | Reached XP level 4. HP: 29/29 MP: 4/4
  1889 | D:3      | Found a stormy altar of Qazlal.
  2009 | D:3      | Reached XP level 5. HP: 30/34 MP: 5/5
  2298 | D:3      | Reached skill level 4 in Short Blades
  2436 | D:3      | Found an opulent altar of Gozag.
  2517 | D:3      | Became a worshipper of Gozag Ym Sagoz the Greedy
  2644 | D:3      | Found a sparkling altar of Nemelex Xobeh.
  2871 | D:4      | Found a glowing drain.
  2880 | Sewer    | Entered a sewer
  3012 | Sewer    | Reached XP level 6. HP: 39/39 MP: 6/6
  3518 | Sewer    | Gained mutation: Your mind is acute. (Int +2) [potion of
                  | mutation]
  3518 | Sewer    | Gained mutation: You tend to lose your temper in combat.
                  | [potion of mutation]
  3518 | Sewer    | Gained mutation: Potions are less effective at restoring
                  | your health. [potion of mutation]
  3518 | Sewer    | Gained mutation: You have a pair of small antennae on your
                  | head. [potion of mutation]
  3522 | Sewer    | Reached skill level 5 in Short Blades
  3846 | D:4      | Found a hide-covered altar of Uskayaw.
  4094 | D:4      | Reached XP level 7. HP: 45/45 MP: 7/7
  4664 | D:4      | Lost mutation: You have a pair of small antennae on your
                  | head. [potion of mutation]
  4664 | D:4      | Lost mutation: You tend to lose your temper in combat.
                  | [potion of mutation]
  4664 | D:4      | Gained mutation: You are covered in fur. (AC +1) [potion of
                  | mutation]
  4664 | D:4      | Lost mutation: Your mind is acute. (Int +2) [potion of
                  | mutation]
  4664 | D:4      | Gained mutation: You have a pair of small antennae on your
                  | head. [potion of mutation]
  4664 | D:4      | Gained mutation: You expend magic power (3 MP) to
                  | strengthen your wands. [potion of mutation]
  4692 | D:5      | Entered Level 5 of the Dungeon
  4708 | D:5      | Reached skill level 6 in Short Blades
  4708 | D:5      | Reached skill level 10 in Stealth
  4724 | D:5      | Identified a scroll of acquirement
  4725 | D:5      | Acquired 1186 gold pieces
  4736 | D:5      | Bought a scroll of identify for 26 gold pieces
  4736 | D:5      | Bought a scroll of identify for 26 gold pieces
  4858 | D:5      | Noticed Pikel
  4882 | D:4      | HP: 2/45 [scorpion (7)]
  4889 | D:4      | Reached XP level 8. HP: 3/50 MP: 8/8
  5235 | D:5      | Noticed Edmund
  5235 | D:5      | Noticed Ijyb
  5506 | D:3      | HP: 2/50 [lemure[Pikel] (3)]
  5820 | D:3      | Killed Pikel
  5821 | D:3      | Reached skill level 8 in Short Blades
  6104 | D:4      | HP: 2/50 [poisoned by an adder]
  6367 | D:4      | Killed Edmund
  6669 | D:5      | Killed Ijyb
  6670 | D:5      | Reached skill level 9 in Short Blades
  6946 | D:5      | Reached XP level 9. HP: 49/54 MP: 9/9
  6951 | D:5      | Lost mutation: You expend magic power (3 MP) to strengthen
                  | your wands. [potion of mutation]
  6951 | D:5      | Lost mutation: You are covered in fur. (AC +1) [potion of
                  | mutation]
  6951 | D:5      | Gained mutation: Your mind is acute. (Int +2) [potion of
                  | mutation]
  7573 | D:5      | Bought a potion of curing for 45 gold pieces
  7573 | D:5      | Bought a potion of curing for 45 gold pieces
  7574 | D:5      | Reached skill level 11 in Short Blades
  7574 | D:5      | Reached XP level 10. HP: 71/71 MP: 10/10
  7676 | D:6      | Found a runed translucent door.
  7712 | D:6      | Found a staircase to the Ecumenical Temple.
  7882 | D:6      | Reached skill level 1 in Evocations
  8063 | D:6      | Slain by an orc warrior

Illustrated notes

Levels and vault maps discovered:
D:1:      dpeg_arrival_ratfight, layout_basic, serial_curves, eino_curves_01,
          eino_curves_02, dreamdust_ecumenical_altar_angels_and_demons
D:2:      layout_basic
D:3:      layout_basic, overflow_temple_1_default, grunt_gozag_breadcrumbs,
          amcnicky_altar_gilded, minmay_goblin_outpost
D:4:      layout_cave_pods, mainiacjoe_overflow_24_doors,
          gup_sewer_entry_bubbles
D:5:      layout_basic, uniq_pikel, uniq_edmund, uniq_ijyb
D:6:      layout_cave_pools, minmay_temple_entry_proselytizer,
          lightli_church_of_beogh

Skill      XL: |  1  2  3  4  5  6  7  8  9 10 |
---------------+-------------------------------+-----
Stealth        | 6 7 8 9 10 | 10.0
Short Blades   | 3 4 5 6 9 11 | 11.8
Fighting       | 7 |  7.2
Shields        | 6 |  6.8
Evocations     | 1 |  1.2
Throwing       | |  2.0
Dodging        | |  1.6

Action                   |  1- 3 |  4- 6 |  7- 9 | 10-12 || total
-------------------------+-------+-------+-------+-------++-------
Melee: Dagger            |    11 |       |       |       ||    11
       Constrict         |    15 |    17 |    24 |     7 ||    63
       Short sword       |    46 |   115 |    72 |    39 ||   272
       Tentacles         |     4 |    16 |    30 |     9 ||    59
       Whip              |       |       |    51 |       ||    51
Throw: Dart              |       |     2 |    12 |     8 ||    22
Invok: Call Merchant     |       |       |     2 |       ||     2
  Use: Scroll            |       |     6 |     5 |     1 ||    12
       Potion            |       |     6 |     5 |     1 ||    12
 Stab: Sleeping          |    11 |    26 |     7 |     8 ||    52
       Distracted        |       |     1 |     1 |       ||     2
Armor: Skin              |     6 |    22 |    22 |     3 ||    53
Dodge: Dodged            |    21 |    34 |    74 |    14 ||   143
Block: Kite shield       |       |       |     2 |     9 ||    11
